 Dungeon Crawl Stone Soup version 0.30-a0-170-g85af917532 (webtiles) character file.

Game seed: 9088984720310746872

56 qw the Chopper (level 3, 0/23 HPs)
             Began as a Gargoyle Fighter on Sept 30, 2022.
             Killed by divine providence
             ... invoked by an orc priest
              (12 damage)
             ... on level 2 of the Dungeon.
             The game lasted 00:00:56 (1243 turns).

qw the Chopper (Gargoyle Fighter)                   Turns: 1243, Time: 00:00:57

Health: 0/23       AC: 10    Str: 21    XL:     3   Next: 95%
Magic:  3/3        EV:  9    Int:  8    God:
Gold:   51         SH:  4    Dex:  9    Spells: 2/2 levels left

rFire   . . .      SeeInvis .    Y - +0 war axe
rCold   . . .      Faith    .    c - +0 buckler
rNeg    + . .      Spirit   .    b - +0 scale mail
rPois   inf        Reflect  .    (no helmet)
rElec   +          Harm     .    (no cloak)
rCorr   .          Rampage  .    (no gloves)
Will    .....                    (no boots)
Stlth   ..........               (no amulet)
HPRegen 0.07/turn                (no ring)
MPRegen 0.08/turn                (no ring)

@: no status effects
A: sickness immunity, AC +3, negative energy resistance 1, electricity
resistance, torment resistance 1, petrification resistance
a: no special abilities


You were on level 2 of the Dungeon.
You visited 1 branch of the dungeon, and saw 2 of its levels.

You collected 51 gold pieces.


Innate Abilities, Weirdness & Mutations

You are immune to sickness and miasma.
Your stone body is resilient. (AC +3)
You are immune to poison.
You resist negative energy. (rN+)
You are resistant to electric shocks. (rElec)
You are resistant to unholy torment.
You are immune to petrification.


   Skills:
 - Level 3.2 Fighting
 + Level 3.7 Axes
 - Level 3.2 Armour
 - Level 3.2 Shields


You had 2 spell levels left.
You didn't know any spells.
Your spell library was empty.

Inventory:

Hand Weapons
 f - a +0 whip
 Y - a +0 war axe (weapon)
Armour
 b - a +0 scale mail (worn)
 c - a +0 buckler (worn)
Scrolls
 a - 2 scrolls of vulnerability {unknown}
 i - a scroll of blinking {unknown}
Potions
 d - 2 potions of might
 e - 3 potions of resistance {unknown}
 g - a potion of lignification {unknown}
 h - a potion of invisibility {unknown}

Dungeon Overview and Level Annotations

Branches:
Dungeon (2/15)

Altars:


Message History

an adder corpse; a bat corpse
Found a stone staircase leading up.
Enter note:
Enter note: A worm comes into view.
You barely miss the worm. The worm barely misses you.
You slash the worm!
The worm is almost dead.
The worm barely misses you.
You hit the worm.
You kill the worm!
You see here a worm corpse.
There are monsters nearby!
1232 ||| Stepping ~*~*~tactically~*~*~ (stealth).
1233 ||| Stepping ~*~*~tactically~*~*~ (stealth).
The orc shouts!
You hear a shout! x2
1235 ||| Stepping ~*~*~tactically~*~*~ (hiding).
The orc shouts!
1236 ||| Stepping ~*~*~tactically~*~*~ (stealth).
You slash the orc!
You kill the orc!
You hit the orc.
The orc is heavily wounded.
The orc closely misses you.
You hit the orc.
The orc is severely wounded.
The orc hits you with a +0 short sword.
The orc shouts!
You slash the orc!
You kill the orc!
You hear a shout!
The orc priest hits you with a +4 mace of holy wrath!
The orc shouts!
You hit the orc priest.
The orc priest is heavily wounded.
The orc priest mumbles some strange prayers to Beogh against you.
Beogh smites you!
Ouch! That really hurt!
You die...

........... o.....
........#..
o.o...#########..#.)
...o........###.#.# ###
o...........##.#.# #...
...........o#.#..
#...##..........o#..##
..#...o<..........o#..##
....o..@..........##..#
..#...###........###..#
#.......#########...#
#.#.###%............# #
##..####.###..# #..# #
...# #..# ##.##
#.####..####.# #.#
#............# #.#


You could see an orc priest and 2 orcs.

Vanquished Creatures
  2 adders (D:2)
  2 worms (D:2)
  3 orcs (D:2)
  4 bats
  An endoplasm (D:1)
  2 giant cockroaches (D:1)
  2 goblins (D:1)
  2 hobgoblins (D:2)
  3 jackals (D:2)
  2 kobolds (D:1)
  A quokka (D:2)
  2 ball pythons (D:1)
  A rat (D:1)
27 creatures vanquished.

Notes
Turn   | Place    | Note
-------+----------+-------------------------------------------
     0 | D:1      | qw the Gargoyle Fighter began the quest for the Orb.
     0 | D:1      | Reached XP level 1. HP: 14/14 MP: 1/1
     0 | D:1      | 0 ||| qw: Version: 0.2-a-12-gaebbb33
     0 | D:1      | 0 ||| qw: Game counter: 1619
     0 | D:1      | 0 ||| qw: Always use a shield: true
     0 | D:1      | 0 ||| qw: God list: Okawaru
     0 | D:1      | 0 ||| qw: Allow faded altars: false
     0 | D:1      | 0 ||| qw: Do Orc after D:15 true
     0 | D:1      | 0 ||| qw: Do second Lair branch before Depths: true
     0 | D:1      | 0 ||| qw: Lair rune preference: random
     0 | D:1      | 0 ||| qw: Plans: Normal, Zot:1-4, God:TSO, Crypt, Tomb,
                  | Pan, Slime:5, Hells, Abyss, Orb
     0 | D:1      | 0 ||| PLANNING D:1-11
   143 | D:1      | 143 ||| Stepping ~*~*~tactically~*~*~ (stealth).
   151 | D:1      | 151 ||| Stepping ~*~*~tactically~*~*~ (stealth).
   161 | D:1      | Reached XP level 2. HP: 18/19 MP: 2/2
   627 | D:1      | 627 ||| READING scroll labelled YKILIY TEISTU.
   628 | D:1      | 628 ||| READING scroll labelled OTALIE QIDD.
   652 | D:2      | 652 ||| Stepping randomly (stuck).
   653 | D:2      | 653 ||| Stepping randomly (stuck).
   654 | D:2      | 654 ||| Stepping randomly (stuck).
   655 | D:2      | 655 ||| Stepping randomly (stuck).
   656 | D:2      | 656 ||| Stepping randomly (stuck).
   657 | D:2      | 657 ||| Stepping randomly (stuck).
   659 | D:2      | 659 ||| Stepping randomly (stuck).
   660 | D:2      | 660 ||| Stepping randomly (stuck).
   661 | D:2      | 661 ||| Stepping randomly (stuck).
   662 | D:2      | 662 ||| Stepping randomly (stuck).
   663 | D:2      | 663 ||| Stepping randomly (stuck).
   664 | D:2      | 664 ||| Stepping randomly (stuck).
   665 | D:2      | 665 ||| Stepping randomly (stuck).
   666 | D:2      | 666 ||| Stepping randomly (stuck).
   667 | D:2      | 667 ||| Stepping randomly (stuck).
   668 | D:2      | 668 ||| Stepping randomly (stuck).
   669 | D:2      | 669 ||| Stepping randomly (stuck).
   670 | D:2      | 670 ||| Stepping randomly (stuck).
   671 | D:2      | 671 ||| Stepping randomly (stuck).
   672 | D:2      | 672 ||| Stepping randomly (stuck).
   673 | D:2      | 673 ||| Stepping randomly (stuck).
   674 | D:2      | 674 ||| Stepping randomly (stuck).
   675 | D:2      | 675 ||| Stepping randomly (stuck).
   676 | D:2      | 676 ||| Stepping randomly (stuck).
   677 | D:2      | 677 ||| Stepping randomly (stuck).
   678 | D:2      | 678 ||| Stepping randomly (stuck).
   680 | D:2      | 680 ||| Stepping randomly (stuck).
   682 | D:2      | 682 ||| Stepping randomly (stuck).
   683 | D:2      | 683 ||| Stepping randomly (stuck).
   685 | D:2      | 685 ||| Stepping randomly (stuck).
   686 | D:2      | 686 ||| Stepping randomly (stuck).
   687 | D:2      | 687 ||| Stepping randomly (stuck).
   689 | D:2      | 689 ||| Stepping randomly (stuck).
   690 | D:2      | 690 ||| Stepping randomly (stuck).
   692 | D:2      | 692 ||| Stepping randomly (stuck).
   693 | D:2      | 693 ||| Stepping randomly (stuck).
   694 | D:2      | 694 ||| Stepping randomly (stuck).
   695 | D:2      | 695 ||| Stepping randomly (stuck).
   696 | D:2      | 696 ||| Stepping randomly (stuck).
   697 | D:2      | 697 ||| Stepping randomly (stuck).
   698 | D:2      | 698 ||| Stepping randomly (stuck).
   699 | D:2      | 699 ||| Stepping randomly (stuck).
   700 | D:2      | 700 ||| Stepping randomly (stuck).
   701 | D:2      | 701 ||| Stepping randomly (stuck).
   702 | D:2      | 702 ||| Stepping randomly (stuck).
   703 | D:2      | 703 ||| Stepping randomly (stuck).
   704 | D:2      | 704 ||| Stepping randomly (stuck).
   705 | D:2      | 705 ||| Stepping randomly (stuck).
   706 | D:2      | 706 ||| Stepping randomly (stuck).
   707 | D:2      | 707 ||| Stepping randomly (stuck).
   708 | D:2      | 708 ||| Stepping randomly (stuck).
   709 | D:2      | 709 ||| Stepping randomly (stuck).
   710 | D:2      | 710 ||| Stepping randomly (stuck).
   711 | D:2      | 711 ||| Stepping randomly (stuck).
   712 | D:2      | 712 ||| Stepping randomly (stuck).
   714 | D:2      | 714 ||| Stepping randomly (stuck).
   737 | D:2      | 737 ||| Stepping ~*~*~tactically~*~*~ (stealth).
   752 | D:2      | Found a faded altar of an unknown god.
   933 | D:2      | Reached skill level 3 in Axes
   933 | D:2      | Reached XP level 3. HP: 22/23 MP: 3/3
  1232 | D:2      | 1232 ||| Stepping ~*~*~tactically~*~*~ (stealth).
  1233 | D:2      | 1233 ||| Stepping ~*~*~tactically~*~*~ (stealth).
  1235 | D:2      | 1235 ||| Stepping ~*~*~tactically~*~*~ (hiding).
  1236 | D:2      | 1236 ||| Stepping ~*~*~tactically~*~*~ (stealth).
  1243 | D:2      | Killed from afar by an orc priest

Levels and vault maps discovered:
D:1:      spicycebolla_green_bress_n_ham, layout_basic,
          chequers_serial_rivers_micro_c, hangedman_decor_growths
D:2:      cheibrodos_pilgrimage, layout_loops_ring,
          hellmonk_ecumenical_altar_dog_temple

Skill      XL: |  1  2 |
---------------+-------+-----
Axes           | 2 3 |  3.7
Fighting       | |  3.2
Armour         | |  3.2
Shields        | |  3.2

Action                   || total
-------------------------++-------
Melee: War axe           ||    77
  Use: Scroll            ||     2
Armor: Scale mail        ||    42
Dodge: Dodged            ||    27
Block: Buckler           ||     7

Table legend:
 A = Non-vault XP
 B = Vault XP
 C = Vault XP percentage of total XP
 D = Non-vault monster count
 E = Vault monster count
 F = Vault count percentage of total count
                 A         B        C        D         E       F
            +---------+---------+-------+---------+---------+-------
      Total |      65 |      15 |  18.8 |      21 |       6 |  22.2
            +---------+---------+-------+---------+---------+-------
        D:1 |      19 |       0 |   0.0 |      12 |       0 |   0.0
        D:2 |      46 |      15 |  24.6 |       9 |       6 |  40.0
            +---------+---------+-------+---------+---------+-------
